 Dungeon Crawl Stone Soup version 0.19-a0-1170-g18f0c96 (webtiles) character file.

295 epen the Poker (level 6, 0/49 HPs)
             Began as a Merfolk Monk on Aug 17, 2016.
             Was a Believer of Zin.
             Slain by a white imp (2 damage)
             ... summoned by Natasha
             ... on level 4 of the Dungeon.
             The game lasted 00:05:07 (3426 turns).

epen the Poker (Merfolk Monk)                       Turns: 3426, Time: 00:05:08

Health: 0/49       AC:  3    Str: 10 (13) XL:     6   Next: 34%
Magic:  7/7        EV: 18    Int:  8 (9)  God:    Zin [**....]
Gold:   62         SH:  2    Dex: 16 (17) Spells: 0 memorised, 5 levels left

rFire  . . .     SeeInvis .     a - +0 spear
rCold  . . .     Gourm    .     f - +0 leather armour
rNeg   . . .     Faith    .     (no shield)
rPois  .         Spirit   .     (no helmet)
rElec  .         Dismiss  .     (no cloak)
rCorr  .         Reflect  +     (no gloves)
MR     .....     Harm     .     (boots currently unavailable)
Stlth  +++.......               m - +2 amulet of reflection
                                (no ring)
                                (no ring)

@: very slightly contaminated, hasted, very quick
A: change form in water, swift swim
a: Recite, Vitalisation, Donate Gold, Renounce Religion


You were on level 4 of the Dungeon.
You worshipped Zin.
Zin was pleased with you.
You were hungry.

You visited 1 branch of the dungeon, and saw 4 of its levels.

You collected 115 gold pieces.
You donated 53 gold pieces to Zin.

Inventory:

Hand Weapons
 a - a +0 spear (weapon)
Missiles
 z - a throwing net (quivered)
Armour
 b - a +0 robe
 f - a +0 leather armour (worn)
Jewellery
 m - a +2 amulet of reflection (around neck)
Scrolls
 e - a scroll of random uselessness {unknown}
 g - a scroll of identify
 j - a scroll of recharging {unknown}
 k - 3 scrolls of enchant weapon {unknown}
 l - 4 scrolls of remove curse {unknown}
 n - a scroll of magic mapping {unknown}
 r - a scroll of teleportation {unknown}
 s - a scroll of blinking {unknown}
 u - a scroll of amnesia {unknown}
 v - a scroll of fog {unknown}
 y - a scroll of immolation {unknown}
Potions
 i - a potion of degeneration
 p - a potion of heal wounds {unknown}
 t - a potion of ambrosia {unknown}
 x - a potion of mutation {unknown}
Comestibles
 c - 2 bread rations
 h - a meat ration


   Skills:
 + Level 4.3 Fighting
 + Level 5.3 Polearms
 * Level 2.2 Armour
 + Level 5.1 Dodging
 + Level 3.8 Stealth
 * Level 1.4 Invocations


You had 5 spell levels left.
You didn't know any spells.

Dungeon Overview and Level Annotations

Branches:
Dungeon (4/15)
 Temple: D:4-7

Altars:
Hepliaklqana
Sif Muna
Uskayaw
Zin

Annotations:
D:4 Natasha


Message History

It was a potion of degeneration.
There was something very wrong with that liquid.
You feel weakened.
You feel dopey.
You feel clumsy. The dart slug launches a dart at you.
The slug dart misses you.
It was a potion of lignification.
You feel woody for a moment.
Okay, then.
As you read the scroll labeled NARGHU FUNON, it crumbles to dust.
It is a scroll of identify.
w - a potion of haste The white imp closely misses you.
You feel yourself speed up. The white imp barely misses you.
Natasha mumbles some strange words.
The dart slug launches a dart at you. The slug dart hits you!
* * * LOW HITPOINT WARNING * * *
You are very lightly contaminated with residual magic.
The white imp hits you.
* * * LOW HITPOINT WARNING * * *
The white imp freezes you.
You die...

....... ....
#...........
#.#........#
##..........
#...........#
#.#.≈≈.≈≈.#.
##.≈≈≈≈≈≈≈.##
##≈≈≈≈≈≈w≈≈@≈##
#≈≈≈≈≈≈≈≈≈5≈≈≈#.#
w≈≈≈≈#≈≈≈≈≈≈≈≈w...#
≈≈≈≈≈≈≈≈≈≈≈≈w##..##
≈≈≈≈#≈≈≈≈h≈≈≈≈≈≈.#
≈≈..≈≈...≈≈.≈#w≈..#
≈≈....$<(5...≈≈...#
≈≈.≈≈≈.)!≈.(.≈#≈..
≈≈≈.≈≈#≈≈#≈≈≈≈≈≈.#


You could see Natasha, a crimson imp, a white imp and 4 dart slugs.

Vanquished Creatures
  An orc priest (D:3)
  Terence (D:3)
  Ijyb (D:3)
  Natasha (twice) (D:3)
  6 adders
  3 gnolls (D:2)
  An ooze (D:2)
  A worm (D:2)
  3 dart slugs
  2 giant geckos (D:1)
  3 orcs (D:3)
  6 goblins
  11 hobgoblins
  5 jackals
  A quokka (D:2)
  10 bats
  A giant newt (D:2)
  9 kobolds
  3 rats (D:1)
70 creatures vanquished.

Notes
Turn   | Place    | Note
-------+----------+-------------------------------------------
     0 | D:1      | epen the Merfolk Monk began the quest for the Orb.
     0 | D:1      | Reached XP level 1. HP: 18/18 MP: 1/1
   180 | D:1      | Reached XP level 2. HP: 6/24 MP: 2/2
   841 | D:1      | Reached XP level 3. HP: 29/29 MP: 3/3
  1229 | D:2      | Reached skill level 1 in Armour
  1414 | D:2      | Reached XP level 4. HP: 31/37 MP: 4/4
  1748 | D:2      | Reached skill level 5 in Polearms
  1784 | D:2      | Reached XP level 5. HP: 35/42 MP: 5/5
  2098 | D:2      | Found a glowing silver altar of Zin.
  2099 | D:2      | Found a hide-covered altar of Uskayaw.
  2099 | D:2      | Found a hazy altar of Hepliaklqana.
  2102 | D:2      | Found a deep blue altar of Sif Muna.
  2158 | D:2      | Became a worshipper of Zin the Law-Giver
  2158 | D:2      | Reached * piety under Zin
  2158 | D:2      | Reached ** piety under Zin
  2159 | D:2      | Donated 42 gold pieces to Zin
  2403 | D:3      | Noticed Natasha
  2417 | D:3      | Killed Natasha
  2710 | D:3      | Reached skill level 5 in Dodging
  2853 | D:3      | Noticed Natasha
  2974 | D:3      | Killed Natasha
  2974 | D:3      | Reached XP level 6. HP: 33/48 MP: 6/6
  3174 | D:3      | Noticed Ijyb
  3205 | D:3      | Killed Ijyb
  3205 | D:3      | Reached skill level 1 in Invocations
  3344 | D:3      | Noticed Terence
  3389 | D:3      | Killed Terence
  3394 | D:3      | Noticed Natasha
  3420 | D:4      | HP: 1/49 [dart slug/slug dart (4)]
  3426 | D:4      | HP: 2/49 [white imp[Natasha] (2)]
  3426 | D:4      | Slain by a white imp

Vault maps used:
D:1:      saegor_arrival_simple_a, minmay_pentomino_p4
D:2:      grunt_temple_overflow_open, kennysheep_boxes
D:3:      uniq_grinder, uniq_iyjb, uniq_natasha, uniq_crazy_yiuf_cottage,
          uniq_terence
D:4:      kennysheep_slugbush, first_bread

Skill      XL: |  1  2  3  4  5  6 |
---------------+-------------------+-----
Armour         | 1 2 |  2.2
Stealth        | 3 |  3.8
Polearms       | 5 |  5.3
Fighting       | 4 |  4.3
Dodging        | 5 |  5.1
Invocations    | 1 |  1.4

Action                   |  1- 3 |  4- 6 || total
-------------------------+-------+-------++-------
Melee: Spear             |   144 |   274 ||   418
       Tailslap          |       |     7 ||     7
Invok: Vitalisation      |       |     1 ||     1
       Donate Gold       |       |     1 ||     1
  Use: Potion            |       |     5 ||     5
       Scroll            |       |     1 ||     1
 Stab: Sleeping          |     7 |     3 ||    10
  Eat: Chunk             |     1 |     5 ||     6
       Beef jerky        |       |     1 ||     1
Armor: Leather armour    |    20 |    40 ||    60
Dodge: Dodged            |    67 |   206 ||   273
Block: Other             |     4 |    16 ||    20
       Reflection        |       |     1 ||     1
